 Dungeon Crawl Stone Soup version 0.28-a0-726-g4a9143789a (webtiles) character file.

Game seed: 10166154221127705830

42 cheechan the Chopper (level 3, -4/32 (34) HPs)
             Began as a Naga Chaos Knight on Oct 27, 2021.
             Was a Plaything of Xom.
             Slain by Crazy Yiuf (6 damage)
             ... on level 3 of the Dungeon.
             The game lasted 00:04:13 (1167 turns).

cheechan the Chopper (Naga Chaos Knight)            Turns: 1167, Time: 00:04:16

HP:   -4/32 (34)    AC:  5    Str: 15    XL:     3   Next: 56%
MP:   3/3           EV:  9    Int: 12    God:    Xom [*.....]
Gold: 75            SH:  0    Dex: 10    Spells: 2/2 levels left

rFire   . . .      SeeInvis +   a - +0 hand axe (chaos)
rCold   . . .      Faith    .   (no shield)
rNeg    . . .      Spirit   .   b - +3 leather armour
rPois   +          Reflect  .   (no helmet)
rElec   .          Harm     .   (no cloak)
rCorr   .          Rampage  .   (no gloves)
Will    .....                   (no barding)
Stlth   +.........              (no amulet)
HPRegen 0.10/turn               (no ring)
MPRegen 0.08/turn               (no ring)

@: short of breath, drained, very slow
A: AC +1, large, see invisible, deformed body, poison resistance, slowness 2,
spit poison 1, naga tail 1
a: Spit Poison, Renounce Religion


You were on level 3 of the Dungeon.
You worshipped Xom.
You were a special plaything of Xom.
You visited 1 branch of the dungeon, and saw 3 of its levels.

You collected 75 gold pieces.

Inventory:

Hand Weapons
 a - a +0 hand axe of chaos (weapon)
 j - a +0 mace of holy wrath
Missiles
 d - 39 stones
 h - 12 bolts
Armour
 b - a +3 leather armour (worn)
Scrolls
 g - a scroll of noise
 k - a scroll of fog
Potions
 c - 6 potions of curing
 e - a potion of brilliance
 f - a potion of invisibility {unknown}
 i - a potion of heal wounds {unknown}


   Skills:
 + Level 3.5 Fighting
 + Level 3.6 Axes
 + Level 1.9 Armour
 + Level 1.2 Dodging


You had 2 spell levels left.
You didn't know any spells.
Your spell library contained the following spells:

 Spells                   Type           Power      Damage    Failure   Level
 Call Canine Familiar     Summ           0%         N/A       77%         3
 Portal Projectile        Hex/Tloc       0%         N/A       77%         3
 Leda's Liquefaction      Hex/Erth       0%         N/A       99%         4
 Fireball                 Conj/Fire      0%         3d3       100%        5
 Starburst                Conj/Fire      0%         6d3       100%        6
 Ignition                 Fire           0%         3d3       100%        8


Dungeon Overview and Level Annotations

Branches:
Dungeon (3/15)

Altars:
Ashenzari

Annotations:
D:3 Crazy Yiuf


Innate Abilities, Weirdness & Mutations

Your serpentine skin is tough. (AC +1)
You have supernaturally acute eyesight. (SInv)
Armour fits poorly on your strangely shaped body.
Your system is resistant to poisons. (rPois)
You cover ground very slowly.
You can spit poison.
You have a snake-like lower body.


Message History

You open the door.
There is a broken altar of Ashenzari here.
You open the door.
Found a scroll of noise.
There is an open door here.
You see here a scroll of noise.
You see here a scroll of noise.
g - a scroll of noise
Found a mace.
Found a runed translucent door.
Crazy Yiuf shouts!
Okay, then.
Okay, then.
You open the door.
Crazy Yiuf cries, "Sif Muna mumblescurry sing!"
You completely miss Crazy Yiuf.
Crazy Yiuf says, "Shower foot horse!"
Crazy Yiuf barely misses you.
You barely miss Crazy Yiuf. Crazy Yiuf closely misses you.
You hit Crazy Yiuf.
Crazy Yiuf is lightly wounded.
Crazy Yiuf hits you with a +4 quarterstaff of chaos!
You feel drained.
Abil: Spit Poison
Press: ? - help, Q - select action, (/) - cycle Shift-Dir - straight line, f - Crazy Yiuf
Aim: Crazy Yiuf, wielding a +4 quarterstaff of chaos and wearing a +0 cloak (lightly wounded)
The splash of poison hits Crazy Yiuf but does no damage.
Crazy Yiuf is poisoned.
Crazy Yiuf is lightly wounded.
Crazy Yiuf yells, "Goober stair down!"
Crazy Yiuf hits you with a +4 quarterstaff of chaos!
You feel drained.
You feel better.
Crazy Yiuf considers dialectic materialism.
Crazy Yiuf hits you with a +4 quarterstaff of chaos!
Ouch! That really hurt!
* * * LOW HITPOINT WARNING * * *
A shower of butterflies erupts from you!
Crazy Yiuf burns you.
You die...
Xom cackles wildly!

#....###.#
##..## ...
♣....♣
###.
♣♣...♣ .
♣♣.♣♣ ♣♣.♣
♣b♣♣ ♣♣.♣
♣@♣♣ #g#
..b #...#
#)..#
#####


You could see Crazy Yiuf (poisoned, ally target).

Vanquished Creatures
  A gnoll (D:3)
  A worm (D:2)
  2 endoplasms
  2 goblins
  3 hobgoblins (D:1)
  4 jackals (D:2)
  A quokka (D:1)
  2 ball pythons
  2 bats
  2 frilled lizards (D:1)
  4 kobolds
  2 rats (D:1)
26 creatures vanquished.

Vanquished Creatures (collateral kills)
  2 endoplasms (D:1)
2 creatures vanquished.

Grand Total: 28 creatures vanquished

Notes
Turn   | Place    | Note
-------+----------+-------------------------------------------
     0 | D:1      | cheechan the Naga Chaos Knight began the quest for the Orb.
     0 | D:1      | Reached XP level 1. HP: 21/21 MP: 1/1
    16 | D:1      | XOM: silly message
   251 | D:1      | Reached XP level 2. HP: 20/28 MP: 2/2
   401 | D:1      | XOM: cast spell 'Call Canine Familiar'
   463 | D:1      | XOM: silly message
   528 | D:2      | Reached XP level 3. HP: 28/34 MP: 3/3
   594 | D:2      | Reached skill level 1 in Dodging
   687 | D:2      | XOM: summons 2 hostile demons
  1100 | D:3      | Found a broken altar of Ashenzari.
  1158 | D:3      | Found a runed translucent door.
  1159 | D:3      | Noticed Crazy Yiuf
  1167 | D:3      | XOM: butterfly on damage
  1167 | D:3      | Slain by Crazy Yiuf

Illustrated notes

Levels and vault maps discovered:
D:1:      evilmike_arrival_hilbert_curve, layout_rooms
D:2:      layout_basic
D:3:      layout_loops_ring, mainiacjoe_overflow_six_doors_small,
          biasface_ghost_orc_armoury, minmay_misc_feat_pillars,
          grunt_decor_mini_mirrors, uniq_crazy_yiuf_cottage, uniq_robin

Skill      XL: |  1  2  3 |
---------------+----------+-----
Dodging        | 1 |  1.2
Fighting       | |  3.5
Axes           | |  3.6
Armour         | |  1.9

Action                   || total
-------------------------++-------
Melee: Hand axe          ||    66
 Abil: Spit Poison       ||    12
  Use: Scroll            ||     7
       Potion            ||     1
Armor: Leather armour    ||    38
Dodge: Dodged            ||    42

Table legend: (Time is in decaauts)
 A = Elapsed time spent in this place.
 B = Non-inter-level travel time spent in this place.
 C = Inter-level travel time spent in this place.
 D = Time resting spent in this place.
 E = Time spent auto-exploring this place.
 F = Levels seen in this place.
 G = Mean time per level.
                   A        B        C        D        E       F      G
               +--------+--------+--------+--------+--------+-----+--------+
         Total |   1528 |   1528 |      0 |    151 |      0 |   3 |  509.3 |
       Dungeon |   1528 |   1528 |      0 |    151 |      0 |   3 |  509.3 |
               +--------+--------+--------+--------+--------+-----+--------+

Top non-repeatable levels by time:
     D:1: 640 daAuts
     D:2: 543 daAuts
     D:3: 344 daAuts
